 Dungeon Crawl Stone Soup version 0.31-a0-1589-g8f5e8aebd6 (webtiles) character file.

Game seed: 14442421864221218116

39 grandjackal the Chopper (level 3, -5/28 HPs)
             Began as a Demonspawn Gladiator on Jan 6, 2024.
             Slain by a gnoll
             ... wielding a +2 flail of protection
              (8 damage)
             ... on level 2 of the Dungeon.
             The game lasted 00:00:55 (1112 turns).

grandjackal the Chopper (Demonspawn Gladiator)      Turns: 1112, Time: 00:00:55

Health: -5/28      AC: 13    Str: 16    XL:     3   Next: 28%
Magic:  3/3        EV:  6    Int:  8    God:
Gold:   20         SH:  0    Dex: 14    Spells: 2/2 levels left

rFire   . . .        a - +0 war axe
rCold   . . .        (no shield)
rNeg    . . .        b - +0 leather armour
rPois   .            c - +0 helmet
rElec   .            (no cloak)
rCorr   .            (no gloves)
SInv    .            (no boots)
Will    .....        (no amulet)
Stlth   +            (no ring)
HPRegen 0.24/turn    (no ring)
MPRegen 0.08/turn

%: no passive effects
@: sanguine armoured, held
A: sanguine armour 2
a: no special abilities


You were on level 2 of the Dungeon.
You visited 1 branch of the dungeon, and saw 2 of its levels.

You collected 20 gold pieces.

Inventory:

Hand Weapons
 a - a +0 war axe (weapon)
Missiles
 d - 3 throwing nets (quivered)
 e - a javelin
Armour
 b - a +0 leather armour (worn)
 c - a +0 helmet (worn)
Scrolls
 g - a scroll of identify {unknown}
 h - a scroll of enchant armour {unknown}
 j - a scroll of teleportation {unknown}
Potions
 f - a potion of mutation {unknown}
 i - a potion of curing {unknown}


   Skills:
 + Level 2.7 Fighting
 + Level 3.2 Axes
 - Level 2.0 Throwing
 - Level 3.0 Dodging


You had 2 spell levels left.
You didn't know any spells.
Your spell library was empty.

Dungeon Overview and Level Annotations

Branches:
Dungeon (2/15)

Altars:


Innate Abilities, Weirdness & Mutations

When seriously injured, your blood forms thick armour. (AC +9)


Message History

Your experience leads to an increase in your attributes!
Increase (S)trength, (I)ntelligence, or (D)exterity?
You feel stronger. x2; Your demonic ancestry asserts itself...
You feel your blood thicken.
The ribbon worm expels a string of sticky webbing.
The stream of webbing misses you. The gnoll attacks as it pursues you!
The gnoll hits you but does no damage.
The endoplasm attacks as it pursues you!
The endoplasm hits you but does no damage.
The gnoll attacks as it pursues you! The gnoll misses you.
You hit the gnoll but do no damage.
The gnoll is heavily wounded.
You hit the endoplasm.
The endoplasm hits you but does no damage.
The gnoll hits you with a +2 flail of protection!
* * * LOW HITPOINT WARNING * * *
The gnoll closely misses you.
Unknown command.
You hit the gnoll.
The gnoll is severely wounded.
You slash the endoplasm!
You kill the endoplasm!
The gnoll hits you from afar with a +0 spear.
* * * LOW HITPOINT WARNING * * *
Unknown command.
Unknown command.
You closely miss the gnoll.
The gnoll is severely wounded.
The gnoll hits you but does no damage. x2
The gnoll hits you with a +2 flail of protection.
* * * LOW HITPOINT WARNING * * *
Unknown command.
Unknown command.
Found a scroll labelled MYEL BUNGUEGOSCH.
The gnoll attacks as it pursues you! The gnoll barely misses you.
The ribbon worm expels a string of sticky webbing.
The stream of webbing hits you but does no damage.
You are caught in a web!
The gnoll attacks as it pursues you!
The gnoll hits you with a +2 flail of protection!
You die...

..#.....#...#...##..###P~P
....#.#........#....# #♣♣♣
.#.......#.#.###.##.#
...#..)#.........##+#
....#w...#.###......#
...#..)#g....##......#
.#.......#.#.##......#
....#.#..g....+......#
..#.....#@..#........#
#....#$..^#...###...##
..#.....#...#.# +#+#
...#.#.......#
#.......#.#..#
..#...#....... ...#... #.
#?# #...#. ... ..


You could see a ribbon worm and 2 gnolls.

Vanquished Creatures
  A gnoll (D:2)
  2 endoplasms
  2 giant cockroaches (D:1)
  2 goblins
  3 hobgoblins
  2 kobolds
  A quokka (D:1)
  6 ball pythons
  7 bats
  3 rats (D:1)
29 creatures vanquished.

Notes
Turn   | Place    | Note
-------+----------+-------------------------------------------
     0 | D:1      | grandjackal the Demonspawn Gladiator began the quest for
                  | the Orb.
     0 | D:1      | Reached XP level 1. HP: 16/16 MP: 1/1
   486 | D:1      | Gained mutation: When seriously injured, your blood forms
                  | armour. (AC +9) [demonic ancestry]
   486 | D:1      | Reached XP level 2. HP: 7/22 MP: 2/2
  1106 | D:2      | Gained mutation: When seriously injured, your blood forms
                  | thick armour. (AC +9) [demonic ancestry]
  1106 | D:2      | Reached XP level 3. HP: 14/28 MP: 3/3
  1112 | D:2      | Slain by a gnoll

Illustrated notes

Levels and vault maps discovered:
D:1:      scummos_arrival_star, layout_basic
D:2:      layout_basic, serial_shops, shop, basic_altar,
          nicolae_kite_square_tiling_tiny, serial_bayou_crossing

Skill      XL: |  1  2 |
---------------+-------+-----
Throwing       | 2 |  2.0
Axes           | 3 |  3.2
Dodging        | 3 |  3.0
Fighting       | |  2.7

Action                     || total
---------------------------++-------
  Melee: War axe           ||    70
         Punch             ||     1
 Armour: Leather armour    ||    74
  Dodge: Dodged            ||    66

Table legend: (Time is in decaauts)
 A = Elapsed time spent in this place.
 B = Non-inter-level travel time spent in this place.
 C = Inter-level travel time spent in this place.
 D = Time resting spent in this place.
 E = Time spent auto-exploring this place.
 F = Levels seen in this place.
 G = Mean time per level.
                   A        B        C        D        E       F      G
               +--------+--------+--------+--------+--------+-----+--------+
         Total |   1141 |   1116 |     25 |     40 |    888 |   2 |  570.5 |
       Dungeon |   1141 |   1116 |     25 |     40 |    888 |   2 |  570.5 |
               +--------+--------+--------+--------+--------+-----+--------+

Top non-repeatable levels by time:
     D:1: 1042 daAuts
     D:2: 99 daAuts
